 Dungeon Crawl Stone Soup version 0.29-a0-551-gffc1d7fb78 (webtiles) character file.

Game seed: 10749357580115726339

120 vulpzor the Digger (level 5, -3/28 HPs)
             Began as a Gargoyle Earth Elementalist on June 6, 2022.
             Was a Believer of Elyvilon.
             Slain by a gnoll
             ... wielding a +0 whip
              (4 damage)
             ... on level 3 of the Dungeon.
             The game lasted 00:11:22 (2613 turns).

vulpzor the Digger (Gargoyle Earth Elementalist)    Turns: 2613, Time: 00:11:22

Health: -3/28      AC:  9    Str: 11    XL:     5   Next: 4%
Magic:  9/9        EV: 10    Int: 18    God:    Elyvilon [**....]
Gold:   129        SH:  0    Dex: 10    Spells: 9/10 levels left

rFire   . . .      SeeInvis .   u - +0 hand axe
rCold   . . .      Faith    .   (no shield)
rNeg    + . .      Spirit   .   m - +0 ring mail
rPois   ∞          Reflect  .   (no helmet)
rElec   +          Harm     .   (no cloak)
rCorr   .          Rampage  .   (no gloves)
Will    .....                   (no boots)
Stlth   +.........              (no amulet)
HPRegen 0.09/turn               (no ring)
MPRegen 0.11/turn               (no ring)

@: no status effects
A: sickness immunity, AC +4, negative energy resistance 1, electricity
resistance, torment resistance 1, petrification resistance
a: Renounce Religion, Purification, Heal Other


You were on level 3 of the Dungeon.
You worshipped Elyvilon.
Elyvilon was pleased with you.
You visited 1 branch of the dungeon, and saw 3 of its levels.

You collected 129 gold pieces.

Inventory:

Hand Weapons
 e - a +0 dagger
 u - a +0 hand axe (weapon)
Missiles
 h - 2 silver javelins
 i - 2 poisoned darts
Armour
 b - a +0 robe
 m - a +0 ring mail (worn)
Magical Staves
 k - a staff of poison
Scrolls
 d - a scroll of fog {unknown}
 f - 2 scrolls of identify {unknown}
 l - 3 scrolls of enchant armour {unknown}
 o - 2 scrolls of poison {unknown}
 p - a scroll of teleportation {unknown}
 q - a scroll of torment {unknown}
 t - a scroll of vulnerability {unknown}
Potions
 c - a potion of magic
 j - 3 potions of brilliance {unknown}
 n - 2 potions of curing {unknown}
 r - a potion of ambrosia {unknown}
 s - a potion of flight {unknown}


   Skills:
 + Level 0.3 Fighting
 + Level 0.3 Axes
 + Level 1.1 Armour
 + Level 1.8 Dodging
 + Level 2.4 Stealth
 + Level 0.6 Unarmed Combat
 + Level 3.2 Spellcasting
 + Level 0.7 Transmutations
 + Level 4.9 Earth Magic


You had 9 spell levels left.
You knew the following spells:

 Your Spells              Type           Power      Damage    Failure   Level
a - Sandblast             Erth           40%        2d10      4%          1

Your spell library contained the following spells:

 Spells                   Type           Power      Damage    Failure   Level
 Passwall                 Tmut/Erth      10%        N/A       19%         2
 Stone Arrow              Conj/Erth      22%        3d8       38%         3
 Portal Projectile        Hex/Tloc       4%         N/A       75%         3
 Tukima's Dance           Hex            2%         N/A       75%         3
 Petrify                  Tmut/Erth      13%        N/A       75%         4
 Blade Hands              Tmut           2%         N/A       100%        5


Dungeon Overview and Level Annotations

Branches:
Dungeon (3/15)

Altars:
Elyvilon


Innate Abilities, Weirdness & Mutations

You are immune to sickness and miasma.
Your stone body is resilient. (AC +4)
You are immune to poison.
You resist negative energy. (rN+)
You are resistant to electric shocks. (rElec)
You are resistant to unholy torment.
You are immune to petrification.


Message History

The gnoll is almost dead.
The gnoll barely misses you.
You barely miss the gnoll.
The gnoll is almost dead.
The gnoll completely misses you.
You barely miss the gnoll.
The gnoll is almost dead.
The gnoll hits you with a +0 flail. x2
* * * LOW HITPOINT WARNING * * *
You hit the gnoll.
You kill the gnoll!
Your Armour skill increases to level 1!
You have reached level 5!
You hit the gnoll.
The gnoll is moderately wounded.
The gnoll closely misses you.
You hit the gnoll but do no damage.
The gnoll is moderately wounded.
The gnoll barely misses you.
You closely miss the gnoll.
The gnoll is moderately wounded.
The gnoll barely misses you. The gnoll hits you but does no damage.
You closely miss the gnoll. You punch the gnoll, but do no damage.
The gnoll is moderately wounded.
The gnoll hits you but does no damage.
You hit the gnoll but do no damage.
The gnoll is moderately wounded.
The gnoll hits you but does no damage.
You barely miss the gnoll.
The gnoll is moderately wounded.
The gnoll misses you. The gnoll hits you with a +0 whip!
* * * LOW HITPOINT WARNING * * *
You hit the gnoll but do no damage.
The gnoll is moderately wounded.
The gnoll hits you with a +0 whip.
* * * LOW HITPOINT WARNING * * *
You closely miss the gnoll.
The gnoll is moderately wounded.
The gnoll hits you with a +0 whip.
You die...

##...####.###.#..##
.....# #.# #.#..#
.).#.# #.# #.#..#
##.#.# #.# #.#..#
#.#.####.###.#..#
##.....>......#..#
................g#
####.###########g#
#.# #@#
#.###########.#
#.............#
###############


You could see 2 gnolls.

Vanquished Creatures
  5 gnolls (D:3)
  An adder (D:2)
  8 ball pythons
  5 bats
  2 endoplasms
  A giant cockroach (D:1)
  2 goblins
  9 hobgoblins
  3 jackals (D:1)
  7 kobolds
  4 quokkas
  7 frilled lizards
  7 rats
61 creatures vanquished.

Notes
Turn   | Place    | Note
-------+----------+-------------------------------------------
     0 | D:1      | vulpzor the Gargoyle Earth Elementalist began the quest for
                  | the Orb.
     0 | D:1      | Reached XP level 1. HP: 10/10 MP: 3/3
   105 | D:1      | Reached skill level 4 in Earth Magic
   107 | D:1      | Reached XP level 2. HP: 13/15 MP: 0/5
   728 | D:1      | Reached XP level 3. HP: 19/19 MP: 2/6
  1298 | D:2      | Found a faded altar of an unknown god.
  1308 | D:2      | Prayed at the altar of an unknown god.
  1308 | D:2      | Became a worshipper of Elyvilon the Healer
  1308 | D:2      | Reached * piety under Elyvilon
  1620 | D:2      | Reached ** piety under Elyvilon
  1660 | D:2      | Reached XP level 4. HP: 24/24 MP: 5/8
  2081 | D:2      | Found a white marble altar of Elyvilon.
  2606 | D:3      | Reached skill level 1 in Armour
  2606 | D:3      | Reached XP level 5. HP: 9/28 MP: 9/9
  2612 | D:3      | HP: 1/28 [gnoll/+0 whip (1)]
  2613 | D:3      | Slain by a gnoll

Illustrated notes

Levels and vault maps discovered:
D:1:      sevenhm_arrival_forest_fort_large_1, layout_basic
D:2:      minmay_general_purpose_star, layout_basic, basic_altar,
          ebering_ecumenical_altar_hall, mrwooster_statue_mirror,
          minmay_heptomino_w4
D:3:      layout_loops_ring, uniq_crazy_yiuf_cottage

Skill      XL: |  1  2  3  4 |
---------------+-------------+-----
Earth Magic    | 4 |  4.9
Spellcasting   | 3 |  3.2
Armour         | 1 |  1.1
Fighting       | |  0.3
Axes           | |  0.3
Dodging        | |  1.8
Stealth        | |  2.4
Unarmed Combat | |  0.6
Transmutations | |  0.7

Action                   |  1- 3 |  4- 6 || total
-------------------------+-------+-------++-------
Melee: Unarmed           |    16 |       ||    16
       Punch             |     1 |     3 ||     4
       Dagger            |    14 |     6 ||    20
       Hand axe          |       |    54 ||    54
 Cast: Sandblast         |    54 |    16 ||    70
  Use: Potion            |       |     3 ||     3
Armor: Robe              |    12 |       ||    12
       Ring mail         |     8 |    35 ||    43
Dodge: Dodged            |    25 |    56 ||    81

Table legend: (Time is in decaauts)
 A = Elapsed time spent in this place.
 B = Non-inter-level travel time spent in this place.
 C = Inter-level travel time spent in this place.
 D = Time resting spent in this place.
 E = Time spent auto-exploring this place.
 F = Levels seen in this place.
 G = Mean time per level.
                   A        B        C        D        E       F      G
               +--------+--------+--------+--------+--------+-----+--------+
         Total |   2632 |   2632 |      0 |     38 |   1545 |   3 |  877.3 |
       Dungeon |   2632 |   2632 |      0 |     38 |   1545 |   3 |  877.3 |
               +--------+--------+--------+--------+--------+-----+--------+

Top non-repeatable levels by time:
     D:1: 1231 daAuts
     D:2: 1155 daAuts
     D:3: 245 daAuts
